 Dungeon Crawl Stone Soup version 0.14-a0-2034-gd6cb3fa (webtiles) character file.

5636 RedPan the Reanimator (level 10, -6/63 HPs)
             Began as a Vampire Necromancer on Jan 20, 2014.
             Was a Believer of Kikubaaqudgha.
             Mangled by a hill giant
             ... wielding a cursed -1,-1 giant spiked club
              (29 damage)
             ... on Level 10 of the Dungeon.
             The game lasted 01:39:47 (14574 turns).

RedPan the Reanimator (Vampire Necromancer)        Turns: 14574, Time: 01:39:47

HP  -6/63        AC  5     Str  8      XL: 10   Next: 35%
MP  20/20        EV 14     Int 19      God: Kikubaaqudgha [**....]
Gold 407         SH  0     Dex 14      Spells:  6 memorised,  2 levels left

rFire  . . .     SeeInvis +     D - +2,+4 quarterstaff (chaos)
rCold  + + .     Clarity  .     a - +0 robe (curse)
rNeg   + + +     Conserve .     (no shield)
rPois  +         rCorr    .     I - +0 helmet
rElec  .         rRot     +     E - +0 cloak
SustAb . .       Spirit   .     (no gloves)
rMut   .         Warding  .     u - +0 pair of boots {run}
Saprov . . .     Stasis   .     (no amulet)
MR     +....                    (no ring)
                                e - +6,+6 ring of slaying

@: regenerating slowly, quick, somewhat resistant to hostile enchantments,
extremely stealthy
A: bottle blood, fangs 3, see invisible, unbreathing
a: Bat Form, Bottle Blood, Receive Corpses, Renounce Religion


You were on level 10 of the Dungeon.
You worshipped Kikubaaqudgha.
Kikubaaqudgha was pleased with you.
You were near bloodless.

You visited 2 branches of the dungeon, and saw 11 of its levels.

You collected 407 gold pieces.

Inventory:

Hand weapons
 D - a +2,+4 quarterstaff of chaos (weapon)
Armour
 a - a cursed +0 robe (worn)
 u - a +0 pair of boots of running (worn)
 E - a +0 cloak (worn)
 I - a +0 helmet (worn)
Magical devices
 s - a wand of frost (16)
 A - a wand of magic darts (18)
 J - a wand of confusion (9)
 O - a wand of invisibility (2)
 P - a wand of random effects (14)
Scrolls
 g - a scroll of teleportation {unknown}
 i - 5 scrolls of identify
 j - a scroll of recharging {unknown}
 k - 3 scrolls of remove curse {unknown}
 l - a scroll of enchant weapon II
 m - a scroll of fog {unknown}
 n - 2 scrolls of noise {unknown}
 v - 3 scrolls of curse armour
 w - a scroll of blinking {unknown}
 y - a scroll of curse jewellery {unknown}
 z - 2 scrolls of fear {unknown}
 C - a scroll of immolation {unknown}
 G - a scroll of magic mapping {unknown}
 L - 2 scrolls of random uselessness {unknown}
 M - a scroll of curse weapon {unknown}
 Q - a scroll of amnesia {unknown}
Jewellery
 e - a +6,+6 ring of slaying (left hand)
 N - a cursed ring of hunger {unknown}
 R - an uncursed ring of magical power {unknown}
Potions
 d - a potion of flight {unknown}
 f - a potion of agility {unknown}
 h - 7 potions of blood
 o - a potion of brilliance {unknown}
 p - a potion of poison {unknown}
 q - a potion of restore abilities
 r - a potion of mutation {unknown}
 x - a potion of resistance {unknown}
 B - a potion of decay {unknown}
 F - a potion of heal wounds {unknown}
 T - a potion of curing
Books
 b - a book of Necromancy

   Spells                             Type                      Level
   *Pain                              Necromancy                   1
   *Animate Skeleton                  Necromancy                   1
   Lethal Infusion                    Charms/Necromancy            2
   *Vampiric Draining                 Necromancy                   3
   Regeneration                       Charms/Necromancy            3
   *Animate Dead                      Necromancy                   4
   *Control Undead                    Necromancy                   4
 c - Kikubaaqudgha's Handbook of Black Rituals
   (Kikubaaqudgha gifted it to you on level 3 of the Dungeon)

   Spells                             Type                      Level
   *Pain                              Necromancy                   1
   Lethal Infusion                    Charms/Necromancy            2
   *Sublimation of Blood              Necromancy                   2
   Regeneration                       Charms/Necromancy            3
   *Control Undead                    Necromancy                   4
 H - a book of the Sky

   Spells                             Type                      Level
   Flight                             Charms/Air                   3
   Airstrike                          Air                          4
   Silence                            Hexes/Air                    5
   Deflect Missiles                   Charms/Air                   6
   Conjure Ball Lightning             Conjuration/Air              6
   Tornado                            Air                          9
 K - a book of Changes

   Spells                             Type                      Level
   Beastly Appendage                  Transmutation                1
   Sticks to Snakes                   Transmutation                2
   Spider Form                        Transmutation/Poison         3
   Ice Form                           Ice/Transmutation            4
   Blade Hands                        Transmutation                5
Magical staves
 t - an uncursed staff of energy
 S - an uncursed staff of wizardry


   Skills:
   Level 3.5 Short Blades
 + Level 5.0 Dodging
 - Level 10.7 Stealth
 - Level 4.1 Spellcasting
 * Level 13.4 Necromancy


You had 2 spell levels left.
You knew the following spells:

 Your Spells              Type           Power        Failure   Level  Hunger
a - Pain                  Necr           ####         1%          1    None
b - Animate Skeleton      Necr           N/A          1%          1    None
c - Vampiric Draining     Necr           ######....   1%          3    ###....
d - Animate Dead          Necr           N/A          1%          4    ####...
e - Sublimation of Blood  Necr           ######....   1%          2    #......
f - Control Undead        Necr           ######....   1%          4    ####...


Dungeon Overview and Level Annotations

Branches:
Dungeon (10/16)            Temple (1/1) D:7
    Orc: D:9-12        Lair: D:8-11

Altars:
Ashenzari
Kikubaaqudgha
Makhleb
Okawaru
Sif Muna
Xom


Innate Abilities, Weirdness & Mutations

You heal slowly.
You can bottle blood from corpses.
You have razor-sharp teeth.*
You have supernaturally acute eyesight.
You can survive without breathing.*


Message History

Your hobgoblin zombie barely misses the hill giant.
The hill giant hits your hobgoblin zombie with a giant spiked club!
Your hobgoblin zombie is destroyed!
You see here an arrow.
You swap places.
What do you say? t - Shout!
Orders for allies: a - Attack new target. r - Retreat! s - Stop attacking. w - Wait here. f - Follow me.
Anything else - Stay silent.
Gang up on whom?
Press: ? - help, Dir - move target cursor, f - hill giant
Aim: a hill giant, wielding a giant spiked club (almost dead) Attack!
Your hobgoblin skeleton hits the hill giant but does no damage.
You swap places.
The hill giant hits you with a giant spiked club!
You die...
Kikubaaqudgha rasps: "You have failed me!
Welcome... oblivion!"

###.......
.........#
#........#
#...)....#
#...(....#
#..(....#
#.......#
##Z######
#.#####@#
#.....Cz#
#######.#
###.#####Z#
##########
#........Z#
#......z..
#.####...Zz....#
#.##Z.Z...
#........z######
#####.##......
########Z##
##...#.##...<..
#z..#
#......##......


You could see a hill giant, a friendly giant slug zombie, a friendly agate snail
zombie, a friendly seven-headed hydra zombie and a friendly hobgoblin skeleton.

Vanquished Creatures
  A troll (D:9)
  A yak (D:7)
  2 hippogriffs (D:7)
  3 sky beasts
  2 orc warriors
  2 ice beasts
  An ogre (D:10)
  3 centaurs
  3 giant frogs
  2 killer bees (D:9)
  A goliath beetle (D:6)
  A wight (D:6)
  2 crimson imps
  5 hounds
  7 orc wizards
  Crazy Yiuf (D:4)
  A centaur skeleton (D:5)
  A worker ant (D:10)
  3 iguanas
  2 scorpions
  2 gnolls (D:8)
  12 adders
  A green rat (D:10)
  A giant mite (D:7)
  A worm (D:4)
  6 giant geckos
  22 orcs
  12 bats
  6 giant cockroaches
  11 hobgoblins
  6 jackals
  2 quokkas
  4 ball pythons
  5 giant newts
  12 goblins
  15 kobolds
  A kobold skeleton (D:4)
  13 rats
  7 ballistomycetes (D:7)
  A plant (D:5)
184 creatures vanquished.

Vanquished Creatures (collateral kills)
  The ghost of Duskembrace the Covert, an experienced SpEn of Dithmengos (D:7)
  Pikel (D:8)
  A troll (D:9)
  Prince Ribbit (D:9)
  3 hippogriffs
  4 yaks (D:7)
  A steam dragon (D:8)
  A manticore (D:8)
  2 necrophages
  2 slaves (D:8)
  A sky beast (D:9)
  An orc warrior (D:9)
  3 centaurs
  A black bear (D:9)
  2 giant frogs
  2 gnoll sergeants (D:8)
  An agate snail (D:10)
  A killer bee (D:9)
  A gnoll shaman (D:8)
  A two-headed ogre zombie (D:6)
  4 orc priests
  2 scorpions
  A giant frog zombie (D:5)
  4 worker ants
  A hound (D:10)
  3 orc wizards
  An ogre zombie (D:7)
  A sky beast zombie (D:5)
  5 gnolls (D:8)
  3 worms
  A giant eyeball (D:9)
  A giant gecko (D:5)
  9 orcs
  A giant cockroach (D:5)
  4 hobgoblins
  A quokka (D:5)
  2 bats
  A goblin skeleton (D:5)
  A kobold (D:5)
  An orc skeleton (D:5)
  5 rats
  2 ballistomycetes (D:7)
85 creatures vanquished.

Vanquished Creatures (others)
  2 hill giant zombies
  2 slaves (D:8)
  A komodo dragon zombie (D:9)
  A cyclops zombie (D:8)
  A manticore zombie (D:8)
  A yaktaur zombie (D:8)
  3 yak zombies (D:7)
  3 hippogriff zombies
  A troll zombie (D:8)
  A centaur zombie (D:8)
  A two-headed ogre zombie (D:9)
  4 giant frog zombies
  A killer bee zombie (D:9)
  An ogre zombie (D:10)
  A gnoll zombie (D:8)
  A necrophage skeleton (D:9)
  A worm zombie (D:8)
  An orc skeleton (D:8)
  2 adder zombies (D:3)
  A bat zombie (D:8)
  2 scorpion zombies
  A ball python skeleton (D:4)
  2 giant cockroach zombies
  A giant spore (D:7)
  2 goblin zombies
  A green rat zombie (D:10)
  A hobgoblin skeleton (D:4)
  5 hobgoblin zombies
  2 jackal zombies
  5 kobold zombies
  9 orc zombies
  A rat zombie (D:8)
  A bush (D:10)
  9 plants
72 creatures vanquished.

Grand Total: 341 creatures vanquished

Notes
Turn   | Place    | Note
--------------------------------------------------------------
     0 | D:1      | RedPan, the Vampire Necromancer, began the quest for the Orb.
     0 | D:1      | Reached XP level 1. HP: 13/13 MP: 3/3
    17 | D:1      | Learned a level 1 spell: Animate Skeleton
   221 | D:1      | Reached XP level 2. HP: 17/19 MP: 5/5
   792 | D:2      | Reached XP level 3. HP: 11/24 MP: 0/6
   966 | D:2      | Reached skill level 5 in Necromancy
  1011 | D:2      | Found a burning altar of Makhleb.
  1017 | D:2      | Reached XP level 4. HP: 23/30 MP: 5/9
  1091 | D:2      | Learned a level 3 spell: Vampiric Draining
  1096 | D:2      | Learned a level 4 spell: Animate Dead
  1603 | D:2      | Reached skill level 1 in Short Blades
  1617 | D:2      | Found a shattered altar of Ashenzari.
  2062 | D:3      | Found an ancient bone altar of Kikubaaqudgha.
  2071 | D:3      | Became a worshipper of Kikubaaqudgha
  2212 | D:3      | Reached XP level 5. HP: 14/35 MP: 3/11
  3624 | D:3      | Reached skill level 6 in Necromancy
  3653 | D:3      | Identified a +0 pair of boots of running (You found it on level 3 of the Dungeon)
  3854 | D:3      | Reached XP level 6. HP: 9/41 MP: 1/13
  3861 | D:3      | HP: 1/41 [hobgoblin/club (6)]
  3874 | D:3      | Acquired Kikubaaqudgha's first power
  3874 | D:3      | Received a gift from Kikubaaqudgha
  3877 | D:3      | Identified Kikubaaqudgha's Handbook of Black Rituals (Kikubaaqudgha gifted it to you on level 3 of the Dungeon)
  3902 | D:3      | Learned a level 2 spell: Sublimation of Blood
  5288 | D:4      | Noticed Crazy Yiuf
  5295 | D:4      | Killed Crazy Yiuf
  5524 | D:5      | Entered Level 5 of the Dungeon
  5797 | D:5      | Acquired Kikubaaqudgha's second power
  5920 | D:5      | Reached skill level 7 in Necromancy
  6028 | D:5      | Found an iron altar of Okawaru.
  6059 | D:5      | Reached XP level 7. HP: 42/46 MP: 17/17
  6480 | D:5      | Noticed a necrophage
  6487 | D:5      | Killed a necrophage
  6651 | D:5      | Reached skill level 8 in Necromancy
  7341 | D:5      | Reached skill level 5 in Stealth
  8030 | D:6      | Reached XP level 8. HP: 52/52 MP: 13/18
  8538 | D:6      | Learned a level 4 spell: Control Undead
  8621 | D:6      | Reached skill level 9 in Necromancy
  9506 | D:7      | Reached skill level 10 in Necromancy
  9887 | D:7      | Reached XP level 9. HP: 57/57 MP: 20/20
 10027 | D:7      | Found a staircase to the Ecumenical Temple.
 10053 | Temple   | Entered the Ecumenical Temple
 10079 | D:7      | Noticed Duskembrace's ghost (experienced SpEn)
 10106 | D:7      | Killed Duskembrace's ghost
 10106 | D:7      | Reached skill level 11 in Necromancy
 10584 | D:7      | Reached skill level 10 in Stealth
 11191 | D:8      | Reached skill level 12 in Necromancy
 11501 | D:8      | Noticed Pikel
 12180 | D:8      | Found a deep blue altar of Sif Muna.
 12285 | D:8      | Killed Pikel
 13178 | D:8      | Reached XP level 10. HP: 57/63 MP: 10/20
 13304 | D:9      | Noticed Prince Ribbit
 13316 | D:9      | Killed Prince Ribbit
 13588 | D:9      | Reached skill level 13 in Necromancy
 13822 | D:9      | Found a shimmering altar of Xom.
 14151 | D:10     | Entered Level 10 of the Dungeon
 14527 | D:10     | Reached skill level 5 in Dodging
 14571 | D:10     | Noticed a hill giant
 14574 | D:10     | Mangled by a hill giant

Action                   |  1- 3 |  4- 6 |  7- 9 | 10-12 || total
-------------------------+-------+-------+-------+-------++-------
Melee: Dagger            |    28 |    66 |       |       ||    94
       Unarmed           |     1 |       |       |       ||     1
       Quarterstaff      |       |    21 |   120 |    20 ||   161
 Cast: Pain              |    14 |    93 |    50 |    30 ||   187
       Animate Dead      |       |    15 |    22 |    18 ||    55
       Vampiric Draining |       |    17 |    27 |    13 ||    57
       Animate Skeleton  |       |     6 |     4 |       ||    10
       Control Undead    |       |       |     2 |       ||     2
Invok: Receive Corpses   |       |       |     7 |     3 ||    10
 Abil: Bottle Blood      |       |     7 |    13 |     6 ||    26
Evoke: Wand              |       |       |     2 |     1 ||     3
  Use: Potion            |       |     7 |     9 |     2 ||    18
       Scroll            |       |     2 |     6 |       ||     8
 Stab: Sleeping          |     7 |    10 |     9 |     1 ||    27
       Distracted        |       |       |     1 |       ||     1
       Paralysed         |       |       |     1 |     1 ||     2
